 Dungeon Crawl Stone Soup version 0.29.0-4-gdea44cf6ec (webtiles) character file.

Game seed: 6538776105502624653

23 qw the Shield-Bearer (level 2, 0/19 HPs)
             Began as a Gargoyle Fighter on Sept 6, 2022.
             Frozen to death by an endoplasm (1 damage)
             ... on level 2 of the Dungeon.
             The game lasted 00:00:19 (951 turns).

qw the Shield-Bearer (Gargoyle Fighter)              Turns: 951, Time: 00:00:19

Health: 0/19       AC:  9    Str: 19    XL:     2   Next: 95%
Magic:  2/2        EV:  9    Int:  8    God:
Gold:   49         SH:  4    Dex:  9    Spells: 1/1 levels left

rFire   . . .      SeeInvis .   a - +0 war axe
rCold   . . .      Faith    .   c - +0 buckler
rNeg    + . .      Spirit   .   b - +0 scale mail
rPois   inf        Reflect  .   (no helmet)
rElec   +          Harm     .   (no cloak)
rCorr   .          Rampage  .   (no gloves)
Will    .....                   (no boots)
Stlth   ..........              (no amulet)
HPRegen 0.06/turn               (no ring)
MPRegen 0.08/turn               (no ring)

@: no status effects
A: sickness immunity, AC +2, negative energy resistance 1, electricity
resistance, torment resistance 1, petrification resistance
a: no special abilities


You were on level 2 of the Dungeon.
You visited 1 branch of the dungeon, and saw 2 of its levels.

You collected 49 gold pieces.


Innate Abilities, Weirdness & Mutations

You are immune to sickness and miasma.
Your stone body is resilient. (AC +2)
You are immune to poison.
You resist negative energy. (rN+)
You are resistant to electric shocks. (rElec)
You are resistant to unholy torment.
You are immune to petrification.


   Skills:
 - Level 3.2 Fighting
 + Level 3.0 Axes
 - Level 3.2 Armour
 - Level 3.2 Shields


You had one spell level left.
You didn't know any spells.
Your spell library was empty.

Inventory:

Hand Weapons
 a - a +0 war axe (weapon)
 p - a +0 whip
Armour
 b - a +0 scale mail (worn)
 c - a +0 buckler (worn)
Jewellery
 l - a +6 ring of intelligence
Scrolls
 e - 2 scrolls of butterflies {unknown}
 f - 5 scrolls of identify {unknown}
 g - 2 scrolls of poison {unknown}
 h - a scroll of enchant weapon {unknown}
 k - a scroll of amnesia {unknown}
 o - a scroll of teleportation {unknown}
 q - a scroll of enchant armour {unknown}
Potions
 d - a potion of might
 i - a potion of attraction {unknown}
 j - a potion of ambrosia {unknown}
 m - a potion of heal wounds {unknown}
 n - a potion of degeneration {unknown}

Dungeon Overview and Level Annotations

Branches:
Dungeon (1/15)

Altars:


Message History

The ball python hisses angrily.
The orc shouts!
You hit the orc.
The orc is heavily wounded.
The orc closely misses you.
An endoplasm comes into view.
You closely miss the orc.
The orc is heavily wounded.
The orc barely misses you. The orc hits you but does no damage. x2
You slash the orc!
You kill the orc!
You barely miss the orc. The orc hits you with a +0 mace.
The endoplasm jiggles.
You barely miss the orc. You hit the orc but do no damage.
The orc hits you but does no damage. You block the orc's attack.
You slash the ball python!
You kill the ball python!
You hit the orc. x2
The orc closely misses you. The orc hits you with a +0 mace.
The orc barely misses you. The orc hits you but does no damage. x2
Your Axes skill increases to level 3!
You slash the orc!
You kill the orc!
You hit the orc. You hit the orc but do no damage. The orc closely misses you.
You block the orc's attack.
You barely miss the orc.
The orc is moderately wounded.
You hit the endoplasm. You hit the orc. The orc barely misses you.
The orc hits you but does no damage. The endoplasm freezes you.
You are frozen.
The orc hits you but does no damage. x2
The endoplasm freezes you.
You are frozen.
You closely miss the orc.
The orc is severely wounded.
You barely miss the orc. You hit the endoplasm. The orc closely misses you.
The orc barely misses you. The endoplasm freezes you.
You are frozen.
You die...

.. .....#~ ..#
##......#
...####........
............... .
.............. ..
#..........# ...
#.#
.#......oo..#..#.
#.#
........J@.......
#.#
#.....#.......?##
#.#
#...#~#......##
##.#
#.........####
##.# #.####.####
##.# #.# ##.# #.#
...# #.# .### #.#


You could see 2 orcs and an endoplasm.

Vanquished Creatures
  2 orcs (D:2)
  2 ball pythons
  A bat (D:1)
  3 endoplasms (D:1)
  3 hobgoblins
  3 quokkas (D:1)
  A frilled lizard (D:1)
  2 kobolds (D:1)
17 creatures vanquished.

Notes
Turn   | Place    | Note
-------+----------+-------------------------------------------
     0 | D:1      | qw the Gargoyle Fighter began the quest for the Orb.
     0 | D:1      | Reached XP level 1. HP: 14/14 MP: 1/1
     0 | D:1      | 0 ||| qw: Version: 0.1-a-108-g9e35731
     0 | D:1      | 0 ||| qw: Game counter: 6354
     0 | D:1      | 0 ||| qw: Always use a shield: true
     0 | D:1      | 0 ||| qw: God list: Okawaru
     0 | D:1      | 0 ||| qw: Allow faded altars: false
     0 | D:1      | 0 ||| qw: Do Orc after D:15 true
     0 | D:1      | 0 ||| qw: Do second Lair branch before Depths: true
     0 | D:1      | 0 ||| qw: Lair rune preference: random
     0 | D:1      | 0 ||| qw: Plans: Normal, Zot, God:TSO, Crypt, Tomb, Zig,
                  | Orb
     0 | D:1      | 0 ||| PLANNING D:1-11
   479 | D:1      | Reached XP level 2. HP: 19/19 MP: 2/2
   849 | D:1      | You fall into a shaft and drop 1 floor!
   923 | D:2      | 923 ||| Stepping ~*~*~tactically~*~*~ (stealth).
   949 | D:2      | Reached skill level 3 in Axes
   950 | D:2      | HP: 1/19 [frozen (5)]
   951 | D:2      | Frozen to death by an endoplasm

Levels and vault maps discovered:
D:1:      giann_horns, layout_basic
D:2:      layout_loops_ring, nrook_mini_backslash, kennysheep_decorative_pillar,
          minmay_small_reverse_x

Skill      XL: |  1  2 |
---------------+-------+-----
Axes           | 2 3 |  3.0
Fighting       | |  3.2
Armour         | |  3.2
Shields        | |  3.2

Action                   || total
-------------------------++-------
Melee: War axe           ||    39
Armor: Scale mail        ||    17
Dodge: Dodged            ||    20
Block: Buckler           ||     6

Table legend:
 A = Non-vault XP
 B = Vault XP
 C = Vault XP percentage of total XP
 D = Non-vault monster count
 E = Vault monster count
 F = Vault count percentage of total count
                 A         B        C        D         E       F
            +---------+---------+-------+---------+---------+-------
      Total |      33 |       0 |   0.0 |      17 |       0 |   0.0
            +---------+---------+-------+---------+---------+-------
        D:1 |      24 |       0 |   0.0 |      13 |       0 |   0.0
        D:2 |       9 |       0 |   0.0 |       4 |       0 |   0.0
            +---------+---------+-------+---------+---------+-------
